 Dungeon Crawl Stone Soup version 0.19-a0-1773-gaa448fe (webtiles) character file.

15416 DevlanMud the Basher (level 12, -1/102 HPs)
             Began as a Mottled Draconian Monk on Oct 8, 2016.
             Was a High Priest of Wudzu.
             Slain by a skeletal warrior
             ... wielding a +0 hand axe
             ... led by a death knight
              (16 damage)
             ... on level 11 of the Dungeon.
             The game lasted 00:43:10 (14005 turns).

DevlanMud the Basher (Mottled Draconian Monk)      Turns: 14005, Time: 00:43:10

Health: -1/102     AC: 22    Str: 22    XL:     12   Next: 1%
Magic:  15/15      EV: 15    Int: 11    God:    Wudzu [*****.]
Gold:   1209       SH: 11    Dex: 14    Spells: 0 memorised, 11 levels left

rFire  + + .     SeeInvis +     a - +1 flail (crush)
rCold  + . .     Gourm    .     (armour unavailable)
rNeg   + . .     Faith    .     c - +0 shield
rPois  .         Spirit   .     (helmet restricted)
rElec  .         Dismiss  .     (cloak unavailable)
rCorr  .         Reflect  .     (gloves unavailable)
MR     .....     Harm     .     n - +2 pair of boots of Incorporation {rF+ rC+ rN+ SInv}
Stlth  ++........               (no amulet)
                                i - ring of protection from fire
                                p - +4 ring of strength

@: about to teleport
A: breathe sticky flame splash, unfitting armour, cold-blooded, AC +8
a: Breathe Sticky Flame, Summon Vines, Briar Patch, Renounce Religion


You were on level 11 of the Dungeon.
You worshipped Wudzu.
Wudzu was extremely pleased with you.
You were not hungry.

You visited 2 branches of the dungeon, and saw 12 of its levels.
You also visited: Sewer and Bailey.

You collected 1209 gold pieces.

Inventory:

Hand Weapons
 a - a +1 flail of crushing (weapon)
 w - a +0 morningstar
Armour
 c - a +0 shield (worn)
 n - the +2 pair of boots of Incorporation (worn) {rF+ rC+ rN+ SInv}
   (You found it on level 7 of the Dungeon)

   It protects you from fire.
   It protects you from cold.
   It protects you from negative energy.
   It lets you see invisible.
 z - a +1 buckler of poison resistance
Jewellery
 i - a ring of protection from fire (right hand)
 p - a +4 ring of strength (left hand)
Wands
 r - a wand of confusion (28/48)
 y - a wand of digging (5/24)
 C - a wand of lightning (1/15)
 G - a wand of confusion (21/48)
 I - a wand of iceblast (7/15)
Scrolls
 e - 10 scrolls of remove curse
 h - 2 scrolls of enchant weapon
 j - 7 scrolls of fog
 m - a scroll of fear
 q - a scroll of enchant armour
 A - a scroll of teleportation
 D - a scroll of amnesia
 H - a scroll of identify
Potions
 g - 2 potions of heal wounds
 o - 8 potions of curing
 s - 2 potions of resistance
 u - 2 potions of magic
 x - 3 potions of flight
 B - a potion of might
 F - a potion of ambrosia
Books
 k - a book of Misfortune

   Spells                             Type                      Level
   a - Confusing Touch                Hexes                        1
   b - Confuse                        Hexes                        3
   c - Gell's Gravitas                Hexes/Translocation          3
   d - Petrify                        Transmutation/Earth          4
   e - Metabolic Englaciation         Hexes/Ice                    5
   f - Yara's Violent Unravelling     Hexes/Transmutation          5
Comestibles
 b - 6 bread rations
 d - a chunk of flesh
 t - 3 meat rations
 v - 5 fruits
 E - 9 royal jellies


   Skills:
 + Level 8.2 Fighting
 - Level 14.0 Maces & Flails
 + Level 7.7 Dodging
 - Level 1.7 Stealth
 + Level 7.8 Shields
 * Level 4.2 Invocations


You had 11 spell levels left.
You didn't know any spells.

Dungeon Overview and Level Annotations

Branches:
Dungeon (11/15)            Temple (1/1) D:7             Orc (0/2) D:9
   Lair: D:8-11

Altars:
Ashenzari
Cheibriados
Dithmenos
Elyvilon
Fedhas
Gozag
Hepliaklqana
Kikubaaqudgha
Makhleb
Nemelex Xobeh
Okawaru
Qazlal
Ru
Sif Muna
Trog
Uskayaw
Vehumet Wudzu
Xom
Yredelemnul
Zin
The Shining One


Innate Abilities, Weirdness & Mutations

You can spit globs of burning liquid.
You can ignite nearby creatures when you spit burning liquid.
Your weird mottled scales are hard. (AC +8)
You cannot fit into any form of body armour.
You are cold-blooded and may be slowed by cold attacks.


Message History

* * * LOW HITPOINT WARNING * * *
You hit the freezing wraith but do no damage.
You tail-slap the freezing wraith, but do no damage.
You block the freezing wraith's attack. The freezing wraith closely misses you.
The skeletal warrior closely misses you.
As you read the scroll of teleportation, it crumbles to dust.
You feel strangely unstable.
The death knight is struck by your spines.
The death knight misses you. You block the freezing wraith's attack.
The freezing wraith hits you but does no damage.
You hit the skeletal warrior but do no damage.
You tail-slap the skeletal warrior, but do no damage.
You block the freezing wraith's attack.
The freezing wraith hits you but does no damage.
The death knight mumbles some strange prayers to Yredelemnul against you.
Your body is wracked with pain!
* * * LOW HITPOINT WARNING * * *
The skeletal warrior is struck by your spines.
The skeletal warrior hits you with a hand axe!
You die...

.. ...
###################.#
#...................#
#...................#
###...............Y...#
.........#######W.....###
######...#.....#zz.......
.....#...#....FW@p.......
.....#...#.....###..#####
.....#...#.... ..#
.....#...#... ..#
.....#...#.. ..#
.....#...#. #.#
.....#...# .# #.(. .....
#.... ##### #....


You could see a death knight, an elephant, 2 skeletal warriors, a phantasmal
warrior, a freezing wraith and a bullfrog.

Vanquished Creatures
  Josephine (D:10)
  A hydra (D:11)
  Erica (D:8)
  Urug (D:10)
  An unseen horror (D:9)
  Pikel (D:6)
  A hill giant (D:10)
  Joseph (D:8)
  Psyche (D:8)
  Maurice (D:8)
  A kobold demonologist (D:10)
  A queen bee (D:11)
  2 trolls
  2 hippogriffs
  A vampire (D:10)
  Sigmund (D:2)
  4 wraiths (D:10)
  A steam dragon (D:11)
  A vampire mosquito (D:10)
  An ice beast (D:6)
  A wasp (D:8)
  12 orc warriors
  2 sky beasts (D:8)
  3 black bears
  2 eyes of draining (D:10)
  2 phantoms
  9 ogres
  6 centaurs
  2 bullfrogs
  7 big kobolds
  Dowan (D:7)
  4 scorpions
  11 killer bees (D:11)
  2 howler monkeys
  12 wights
  A centaur zombie (D:8)
  A wasp zombie (D:6)
  5 hounds
  2 bullfrog zombies (D:10)
  4 crimson imps
  2 bullfrog skeletons
  A jelly (D:9)
  15 orc wizards
  8 orc priests
  6 gnoll shamans (D:7)
  Crazy Yiuf (D:2)
  Jessica (D:2)
  5 centaur skeletons
  Natasha (thrice) (D:4)
  6 iguanas
  9 worker ants
  A statue (D:6)
  3 hound skeletons
  15 gnolls
  2 howler monkey zombies (D:10)
  15 adders
  A river rat (D:4)
  2 shadow imps (D:10)
  3 oozes
  2 adder skeletons
  An adder zombie (D:5)
  6 worms
  3 dart slugs
  9 leopard geckos
  54 orcs
  5 bats (D:1)
  7 giant cockroaches
  15 goblins
  13 hobgoblins
  4 jackals
  3 quokkas
  5 ball pythons
  8 frilled lizards
  26 kobolds
  A leopard gecko skeleton (D:4)
  A quokka zombie (D:5)
  14 rats
  A fungus (D:3)
391 creatures vanquished.

Vanquished Creatures (others)
  Duvessa (D:7)
  A slave (D:6)
  A centaur (D:6)
  2 orcs (D:6)
  8 fungi
  3 plants
16 creatures vanquished.

Grand Total: 407 creatures vanquished

Notes
Turn   | Place    | Note
-------+----------+-------------------------------------------
     0 | D:1      | DevlanMud the Draconian Monk began the quest for the Orb.
     0 | D:1      | Reached XP level 1. HP: 19/19 MP: 1/1
   303 | D:1      | Reached XP level 2. HP: 26/26 MP: 2/2
   695 | D:2      | Reached XP level 3. HP: 31/31 MP: 3/3
   840 | D:2      | Reached skill level 4 in Maces & Flails
   926 | D:2      | Found a runed door.
  1017 | D:2      | Reached XP level 4. HP: 38/38 MP: 4/4
  1205 | D:2      | Noticed Jessica
  1231 | D:2      | Killed Jessica
  1412 | D:2      | Noticed Sigmund
  1549 | D:2      | Noticed Crazy Yiuf
  1556 | D:2      | Killed Crazy Yiuf
  1556 | D:2      | Reached skill level 1 in Shields
  1556 | D:2      | Reached XP level 5. HP: 19/45 MP: 5/5
  1757 | D:3      | Reached skill level 5 in Maces & Flails
  2004 | D:3      | Noticed an ogre
  2453 | D:3      | Reached XP level 6. HP: 52/52 MP: 6/6
  2966 | D:3      | Reached skill level 6 in Maces & Flails
  3136 | D:2      | Killed Sigmund
  3136 | D:2      | Your scales start taking on a weird mottled colour.
  3136 | D:2      | Reached XP level 7. HP: 27/59 MP: 7/7
  3447 | D:4      | Found a deep blue altar of Sif Muna.
  3493 | D:4      | Reached skill level 7 in Maces & Flails
  3532 | D:4      | Noticed Natasha
  3538 | D:4      | Killed Natasha
  3703 | D:4      | Found a glowing drain.
  3707 | Sewer    | Entered a sewer
  4248 | Sewer    | Reached skill level 8 in Maces & Flails
  4248 | Sewer    | Reached XP level 8. HP: 52/67 MP: 8/8
  4784 | D:4      | Noticed Natasha
  4786 | D:4      | Found a basalt altar of Yredelemnul.
  4800 | D:4      | Killed Natasha
  4822 | D:4      | Reached skill level 5 in Fighting
  4904 | D:4      | Noticed Natasha
  4912 | D:4      | Killed Natasha
  5260 | D:4      | Found a burning altar of Makhleb.
  5289 | D:5      | Entered Level 5 of the Dungeon
  5308 | D:5      | Found a stormy altar of Qazlal.
  5317 | D:5      | Found a shattered altar of Ashenzari.
  5361 | D:5      | Reached skill level 9 in Maces & Flails
  5361 | D:5      | Reached skill level 5 in Dodging
  5970 | D:6      | Noticed Pikel
  6005 | D:6      | Killed Pikel
  6005 | D:6      | Reached skill level 10 in Maces & Flails
  6005 | D:6      | Reached XP level 9. HP: 39/74 MP: 9/9
  6913 | D:6      | Found a radiant altar of Vehumet.
  7443 | D:7      | Noticed Dowan
  7469 | D:7      | Got a pair of spiked boots
  7475 | D:7      | Identified the +2 pair of boots of Incorporation {rF+ rC+ rN+ SInv} (You found it on level 7 of the Dungeon)
  7528 | D:7      | Noticed Duvessa
  7535 | D:7      | Killed Duvessa
  7535 | D:7      | Reached skill level 11 in Maces & Flails
  7546 | D:7      | Killed Dowan
  7577 | D:7      | Found a flagged portal.
  7614 | Bailey   | Entered a bailey
  8234 | D:7      | Found a staircase to the Ecumenical Temple.
  8243 | D:7      | Reached XP level 10. HP: 78/84 MP: 10/10
  8328 | Temple   | Entered the Ecumenical Temple
  8462 | Temple   | Became a worshipper of Wudzu the Untamed
  8462 | Temple   | Reached * piety under Wudzu
  8462 | Temple   | Reached ** piety under Wudzu
  9043 | D:7      | Reached skill level 5 in Shields
  9478 | D:7      | Reached skill level 12 in Maces & Flails
 10097 | D:8      | Noticed Maurice
 10098 | D:8      | Noticed Psyche
 10111 | D:8      | Killed Maurice
 10118 | D:8      | Killed Psyche
 10129 | D:8      | Noticed Erica
 10143 | D:8      | Killed Erica
 10301 | D:8      | Gained mutation: Your flesh is cold resistant. (rC+) [potion of mutation]
 10301 | D:8      | Gained mutation: You are resistant to hostile enchantments. (MR+) [potion of mutation]
 10397 | D:8      | Reached *** piety under Wudzu
 10479 | D:8      | Noticed Joseph
 10497 | D:8      | Killed Joseph
 10497 | D:8      | Reached XP level 11. HP: 86/92 MP: 11/11
 10944 | D:9      | Reached skill level 13 in Maces & Flails
 11050 | D:9      | Found a staircase to the Orcish Mines.
 11073 | D:9      | Noticed an unseen horror
 11088 | D:9      | Killed an unseen horror
 11088 | D:9      | Reached skill level 1 in Invocations
 11593 | D:9      | Found an ancient bone altar of Kikubaaqudgha.
 11650 | D:10     | Entered Level 10 of the Dungeon
 11650 | D:10     | Noticed a hill giant
 11659 | D:10     | Killed a hill giant
 12062 | D:10     | Reached **** piety under Wudzu
 12425 | D:10     | Noticed Josephine
 12432 | D:10     | Killed Josephine
 13057 | D:10     | Noticed Urug
 13068 | D:10     | Killed Urug
 13068 | D:10     | Reached skill level 14 in Maces & Flails
 13386 | D:11     | Noticed a four-headed hydra
 13400 | D:11     | Killed a four-headed hydra
 13765 | D:11     | Lost mutation: Your flesh is cold resistant. (rC+) [potion of cure mutation]
 13765 | D:11     | Lost mutation: You are resistant to hostile enchantments. (MR+) [potion of cure mutation]
 13799 | D:11     | Reached ***** piety under Wudzu
 13886 | D:11     | Reached XP level 12. HP: 91/102 MP: 15/15
 13988 | D:11     | Noticed a death knight
 14005 | D:11     | Slain by a skeletal warrior

Vault maps used:
D:1:      dpeg_arrival_tiny_c, minmay_hedge_maze, minmay_split_cup_small
D:2:      first_bread, uniq_crazy_yiuf_cottage, uniq_sigmund, uniq_jessica
D:3:      minmay_gold_behind_fungi, serial_park_tiny_2, grunt_ministairs_6
D:4:      lemuel_round_altar, lemuel_coloured_pillars_altar, old_standard_altar,
          gup_sewer_entry_spiral, uniq_natasha
D:5:      lemuel_round_altar, overflow_temple_1_default
D:6:      vehumet_statue, uniq_pikel
D:7:      kennysheep_seaside_town, enter_bailey_3, uniq_duvessa
D:8:      kennysheep_generic_room_12, uniq_erica, uniq_joseph, uniq_psyche,
          uniq_maurice
D:9:      old_standard_altar, hiddenorc1_lemuel
D:10:     minmay_bloctagon, uniq_urug, uniq_josephine
D:11:     david_lair_generic, david_nohive_1
Temple:   regret_index_temple_generic_petals
Sewer:    sewer_co_tree
Bailey:   bailey_axe_4, bailey

Skill      XL: |  1  2  3  4  5  6  7  8  9 10 11 |
---------------+----------------------------------+-----
Dodging        | 3 4 5 6 7 |  7.7
Maces & Flails | 4 5 6 8 10 11 12 14 | 14.0
Shields        | 1 2 3 4 6 7 |  7.8
Fighting       | 4 5 6 7 8 |  8.2
Invocations    | 4 |  4.2
Stealth        | |  1.7

Action                   |  1- 3 |  4- 6 |  7- 9 | 10-12 || total
-------------------------+-------+-------+-------+-------++-------
Melee: Mace              |    80 |   155 |   519 |   271 ||  1025
       Tailslap          |    11 |    24 |    70 |    80 ||   185
       Unarmed           |       |     1 |       |       ||     1
       Flail             |       |       |       |   255 ||   255
Invok: Vestment of Thorn |       |       |       |     1 ||     1
       Regalia of Thorns |       |       |       |     1 ||     1
 Abil: Breathe Sticky Fl |       |       |    13 |     7 ||    20
  Use: Potion            |     2 |     1 |     3 |     5 ||    11
       Scroll            |     3 |     2 |    11 |     6 ||    22
 Stab: Sleeping          |     2 |       |     3 |     2 ||     7
       Invisible         |       |       |     1 |       ||     1
  Eat: Chunk             |       |     7 |    18 |    19 ||    44
       Royal jelly       |       |       |     1 |       ||     1
       Pizza             |       |       |       |     1 ||     1
Armor: Skin              |    25 |    44 |   126 |   120 ||   315
Dodge: Dodged            |    37 |    67 |   261 |   204 ||   569
Block: Shield            |    31 |    62 |   235 |   229 ||   557
       Buckler           |       |       |     1 |       ||     1
